 Dungeon Crawl Stone Soup version 0.28.0 (webtiles) character file.

Game seed: 3383836401834239513

116 Deca the Ruffian (level 5, -10/46 HPs)
             Began as a Ghoul Monk on Feb 13, 2022.
             Killed from afar by an orc wizard (14 damage)
             ... with a puff of flame
             ... on level 4 of the Dungeon.
             The game lasted 00:07:53 (2706 turns).

Deca the Ruffian (Ghoul Monk)                       Turns: 2706, Time: 00:07:54

Health: -10/46     AC:  7    Str: 17    XL:     5   Next: 1%
Magic:  4/4        EV: 10    Int:  5    God:
Gold:   126        SH:  0    Dex: 11    Spells: 4/4 levels left

rFire   . . .      SeeInvis .     - Unarmed
rCold   + . .      Faith    .   (no shield)
rNeg    + + +      Spirit   .   c - +0 scale mail
rPois   ∞          Reflect  .   p - +1 hat
rElec   .          Harm     .   (no cloak)
rCorr   .          Rampage  .   (no gloves)
Will    .....                   (no boots)
Stlth   ..........              (no amulet)
HPRegen 0.00/turn               (no ring)
MPRegen 0.09/turn               (no ring)

@: inhibited regen
A: claws 1, cold resistance 1, negative energy resistance 3, inhibited
regeneration, torment resistance 2
a: no special abilities


You were on level 4 of the Dungeon.
You visited 1 branch of the dungeon, and saw 4 of its levels.

You collected 126 gold pieces.

Inventory:

Armour
 c - a +0 scale mail (worn)
 p - a +1 hat (worn)
Jewellery
 g - an amulet of regeneration
 n - a ring of willpower
Scrolls
 a - a scroll of immolation {unknown}
 d - 2 scrolls of vulnerability {unknown}
 f - 3 scrolls of identify {unknown}
 i - a scroll of enchant armour {unknown}
 l - 2 scrolls of teleportation {unknown}
Potions
 b - 5 potions of curing {unknown}
 e - a potion of invisibility {unknown}
 h - a potion of ambrosia {unknown}
 j - a potion of berserk rage {unknown}
 k - a potion of haste {unknown}
 m - a potion of lignification {unknown}
 o - a potion of flight {unknown}


   Skills:
 + Level 4.2 Fighting
 + Level 1.3 Armour
 + Level 3.5 Dodging
 - Level 2.1 Stealth
 + Level 4.2 Unarmed Combat


You had 4 spell levels left.
You didn't know any spells.
Your spell library contained the following spells:

 Spells                   Type           Power      Damage    Failure   Level
 Corpse Rot               Necr/Air       0%         N/A       95%         2
 Dispel Undead            Necr           0%         3d6       100%        4
 Death Channel            Necr           0%         N/A       100%        6


Dungeon Overview and Level Annotations

Branches:
Dungeon (4/15)
 Temple: D:4-7

Altars:


Innate Abilities, Weirdness & Mutations

You thrive by killing the living.
You are immune to poison.
You have sharp fingernails.
Your flesh is cold resistant. (rC+)
You are immune to negative energy. (rN+++)
You do not regenerate when monsters are visible.
You are immune to unholy pain and torment.


Message History

A puff of flame appears from out of thin air!
The puff of flame hits you.
A magic dart appears from out of thin air!
The magic dart hits you! Something completely misses you. Something hits you.
Something hits you but does no damage. Something hits you but does no damage.
Something hits you.
You start waiting.
Something hits you but does no damage.
You are too injured to fight recklessly!
Something hits you.
* * * LOW HITPOINT WARNING * * *
You are too injured to fight recklessly!
A magic dart appears from out of thin air!
The magic dart hits you but does no damage.
You closely miss something. Something hits you.
* * * LOW HITPOINT WARNING * * *
You miss something.
An orc wizard appears from thin air!
Reactivating autopickup.
The orc wizard hits you but does no damage.
You scratch the orc wizard.
The orc wizard is lightly wounded.
The orc wizard closely misses you.
You barely miss the orc wizard. Your claw misses the orc wizard.
The orc wizard is lightly wounded.
The orc wizard hits you with a +0 dagger.
* * * LOW HITPOINT WARNING * * *
You closely miss the orc wizard.
The orc wizard is lightly wounded.
The orc wizard misses you.
You scratch the orc wizard but do no damage.
The orc wizard is lightly wounded.
The orc wizard hits you with a +0 dagger.
* * * LOW HITPOINT WARNING * * *
You claw the orc wizard!
The orc wizard is severely wounded.
The orc wizard gestures at you while chanting.
The puff of flame hits you!
You die...

#.# #......# #.# #.# ..#
#......######.# #.#
#.#######.........#.# #.#
#.##..............# #.###
#.##..............# #...#
..##..............# #..(#
..##....).........# #...#
.>.'....)......####.# #...#
.###...)...#...o@...# #.### .
#########.#.########.# .
#............#
.#############.#######..#######
..........####..# #...........#
................# #...........#
. ..............#
#...........### ..............#
#..............
###..........###...........###


You could see an orc wizard.

Vanquished Creatures
  An iguana (D:3)
  A gnoll (D:1)
  2 adders
  A worm (D:3)
  2 dart slugs (D:2)
  7 orcs
  6 ball pythons
  3 endoplasms
  3 giant cockroaches
  4 goblins
  6 hobgoblins
  A quokka (D:1)
  A bat (D:3)
  A frilled lizard (D:3)
  5 kobolds
  5 rats
49 creatures vanquished.

Notes
Turn   | Place    | Note
-------+----------+-------------------------------------------
     0 | D:1      | Deca the Ghoul Monk began the quest for the Orb.
     0 | D:1      | Reached XP level 1. HP: 19/19 MP: 0/0
   202 | D:1      | Reached XP level 2. HP: 26/26 MP: 1/1
   713 | D:1      | Reached XP level 3. HP: 27/33 MP: 2/2
  1785 | D:3      | Reached skill level 1 in Armour
  1785 | D:3      | Reached XP level 4. HP: 12/40 MP: 3/3
  2681 | D:4      | Reached XP level 5. HP: 27/46 MP: 4/4
  2706 | D:4      | Killed from afar by an orc wizard

Illustrated notes

Levels and vault maps discovered:
D:1:      dpeg_arrival_pits, layout_loops_corners,
          hellmonk_ecumenical_altar_crossroads
D:2:      layout_loops_corners
D:3:      layout_rooms, chequers_serial_rivers_micro_e
D:4:      layout_basic

Skill      XL: |  1  2  3 |
---------------+----------+-----
Dodging        | 3 |  3.5
Fighting       | 4 |  4.2
Armour         | 1 |  1.3
Unarmed Combat | 4 |  4.2
Stealth        | |  2.1

Action                   |  1- 3 |  4- 6 || total
-------------------------+-------+-------++-------
Melee: Unarmed           |   110 |    60 ||   170
       Punch             |       |     3 ||     3
 Stab: Sleeping          |     2 |       ||     2
Armor: Scale mail        |    27 |    29 ||    56
Dodge: Dodged            |    43 |    20 ||    63
